[ AOE2 MATCH · #465583465 ]
Team RMWu vs Vikings
[ REPLAY ANALYSIS · EXTRACTED FROM THE RECORDED GAME ]
Feudal
14:03
Castle
21:08
Imperial
—
| APM avg | 15.2 |
| APM peak | 30 |
| eAPM avg | 12.3 |
| Villagers / military | 68 / 13 |
Focus
⚔️ 34.2% · 🌾 65.8%
Unknown (1944) ×71 · Unknown (1968) ×27 · Fishing Ship ×9 · Battering Ram ×5 · Spearman ×5 · Unknown (1974) ×4
Feudal
12:33
Castle
20:33
Imperial
28:59
| APM avg | 24.3 |
| APM peak | 56 |
| eAPM avg | 12.9 |
| Villagers / military | 93 / 110 |
Focus
⚔️ 29.3% · 🌾 70.7%
Janissary ×63 · Scout Cavalry ×37 · Bombard Cannon ×4 · Spearman ×2 · Demolition Raft ×2 · Mangonel ×2
Feudal
15:03
Castle
26:02
Imperial
—
| APM avg | 13.2 |
| APM peak | 24 |
| eAPM avg | 10.5 |
| Villagers / military | 95 / 84 |
Focus
⚔️ 24.6% · 🌾 75.4%
Militia ×63 · Fishing Ship ×12 · Longboat ×9 · Battering Ram ×4 · Mangonel ×3 · Spearman ×2
Feudal
—
Castle
—
Imperial
—
| APM avg | 22.9 |
| APM peak | 49 |
| eAPM avg | 15.6 |
| Villagers / military | 89 / 66 |
Focus
⚔️ 30.4% · 🌾 69.6%
Knight ×24 · Fishing Ship ×16 · Skirmisher ×15 · Fire Galley ×10 · Demolition Raft ×6 · Scout Cavalry ×5
Match map
Initial resources + every placement click. Lines = walls · curves = elevation contours. ◆ gold · ⬟ stone · ● berries · ✦ relic · ◌ wall gap
Your base· Open — unwalled flank
mazey_andzhela's base· Open — unwalled flank
mario32_luis's base· ✓ Closed at 26:02 · 40t walls · no gate
CHONNR10's base· Open — unwalled flank
Smoothed initial terrain · ◌ = detected wall gap · hover for details
Inputs per minute
— PicanteMartinez - - mazey_andzhela
Build order — PicanteMartinez
First 150 of 191 actions detected
| 0:07 | Create | Villager (Male) ×4 |
| 0:07 | Create | Villager (Male) ×4 |
| 0:08 | Research | Loom |
| 0:35 | Build | House |
| 0:36 | Build | House |
| 2:02 | Create | Villager (Male) |
| 2:02 | Create | Villager (Male) |
| 2:27 | Build | Lumber Camp |
| 2:48 | Create | Villager (Male) |
| 2:49 | Create | Villager (Male) |
| 3:50 | Create | Villager (Male) |
| 3:50 | Create | Villager (Male) |
| 3:59 | Build | Dock |
| 4:17 | Build | House |
| 4:24 | Create | Villager (Male) |
| 4:24 | Create | Villager (Male) |
| 4:36 | Build | House |
| 4:58 | Create | Villager (Male) |
| 4:59 | Create | Villager (Male) |
| 5:12 | Build | Lumber Camp |
| 5:37 | Create | Villager (Male) |
| 5:38 | Create | Villager (Male) |
| 6:14 | Create | Fishing Ship |
| 6:28 | Create | Villager (Male) |
| 6:38 | Build | Mill |
| 7:03 | Create | Fishing Ship |
| 7:13 | Create | Villager (Male) |
| 7:14 | Create | Villager (Male) |
| 7:34 | Build | Lumber Camp |
| 7:39 | Create | Villager (Male) |
| 7:39 | Create | Villager (Male) |
| 9:01 | Create | Fishing Ship |
| 9:01 | Create | Fishing Ship |
| 9:06 | Create | Villager (Male) |
| 9:14 | Build | House |
| 9:22 | Build | Mining Camp |
| 10:06 | Create | Fishing Ship |
| 10:19 | Build | Farm |
| 10:27 | Create | Villager (Male) |
| 11:26 | Build | Farm |
| 11:28 | Create | Villager (Male) |
| 11:34 | Create | Fishing Ship |
| 11:46 | Build | Farm |
| 11:48 | Build | Farm |
| 11:51 | Build | Farm |
| 11:52 | Research | Feudal Age |
| 11:53 | Research | Feudal Age |
| 12:02 | Build | House |
| 12:04 | Build | House |
| 12:07 | Build | Farm |
| 12:30 | Create | Fishing Ship |
| 13:08 | Build | Farm |
| 13:21 | Create | Villager (Male) ×5 |
| 13:52 | Build | Barracks |
| 14:03 | Age | Feudal Age |
| 14:07 | Research | Double-Bit Axe |
| 14:39 | Build | Stone Wall |
| 15:01 | Research | Wheelbarrow |
| 15:08 | Create | Demolition Raft |
| 15:43 | Create | Unit 2626 |
| 15:43 | Create | Unit 2626 |
| 16:01 | Build | House |
| 16:03 | Build | House |
| 16:17 | Build | Market |
| 16:31 | Create | Villager (Male) |
| 16:47 | Build | Blacksmith |
| 16:57 | Build | Gate |
| 17:44 | Create | Fishing Ship |
| 18:28 | Research | Castle Age |
| 18:29 | Research | Castle Age |
| 18:41 | Build | Mining Camp |
| 19:34 | Research | Gold Mining |
| 19:34 | Research | Stone Mining |
| 19:47 | Research | Tech 906 |
| 19:52 | Research | Horse Collar |
| 20:37 | Create | Unit 2626 |
| 20:46 | Build | Farm |
| 20:53 | Create | Villager (Male) |
| 20:53 | Create | Villager (Male) |
| 21:03 | Build | Lumber Camp |
| 21:08 | Age | Castle Age |
| 21:34 | Create | Villager (Male) |
| 22:41 | Create | Fishing Ship |
| 22:59 | Build | Town Center |
| 23:03 | Create | Villager (Male) ×5 |
| 23:08 | Research | Bow Saw |
| 23:56 | Build | Fish Trap |
| 24:23 | Build | Siege Workshop |
| 24:33 | Create | Villager (Male) |
| 24:33 | Create | Villager (Male) |
| 25:05 | Research | Hand Cart |
| 25:17 | Build | Lumber Camp |
| 25:31 | Create | Battering Ram |
| 25:31 | Create | Battering Ram |
| 26:15 | Build | House |
| 26:16 | Build | House |
| 26:30 | Create | Battering Ram |
| 26:37 | Create | Villager (Male) |
| 26:37 | Create | Villager (Male) |
| 26:38 | Create | Villager (Male) ×5 |
| 26:40 | Build | Mining Camp |
| 27:24 | Create | Battering Ram |
| 27:29 | Build | Castle |
| 27:43 | Build | University |
| 27:58 | Create | Villager (Male) |
| 27:59 | Create | Villager (Male) |
| 28:00 | Research | Town Watch |
| 28:33 | Create | Battering Ram |
| 28:52 | Create | Villager (Male) ×5 |
| 28:54 | Create | Villager (Male) ×5 |
| 29:14 | Create | Unit 1968 ×4 |
| 29:24 | Create | Unit 1968 |
| 29:29 | Build | Farm |
| 29:43 | Create | Unit 1968 ×5 |
| 30:13 | Research | Fletching |
| 30:16 | Research | Murder Holes |
| 30:16 | Research | Ballistics |
| 30:27 | Create | Unit 1974 ×4 |
| 30:48 | Research | Padded Archer Armor |
| 31:01 | Research | Pikeman (upgrade) |
| 31:01 | Research | Squires |
| 31:04 | Create | Spearman ×5 |
| 31:17 | Create | Villager (Male) ×5 |
| 31:26 | Build | Mining Camp |
| 31:39 | Build | Stone Wall |
| 32:14 | Build | House |
| 32:17 | Build | Barracks |
| 32:17 | Build | Barracks |
| 32:28 | Build | Farm |
| 32:53 | Create | Unit 1968 ×5 |
| 33:23 | Create | Mangonel |
| 33:23 | Create | Mangonel |
| 34:04 | Build | Castle |
| 34:45 | Create | Unit 1968 ×5 |
| 35:18 | Build | Lumber Camp |
| 35:37 | Build | Mining Camp |
| 35:49 | Create | Unit 1968 |
| 35:58 | Create | Unit 1968 ×5 |
| 36:10 | Create | Unit 1968 |
| 36:20 | Build | Stable |
| 36:20 | Build | Stable |
| 36:20 | Build | Stable |
| 36:20 | Build | Stable |
| 37:16 | Research | Husbandry |
| 37:17 | Create | Unit 1944 ×5 |
| 37:17 | Create | Unit 1944 ×5 |
| 37:17 | Create | Unit 1944 ×5 |
| 37:23 | Create | Unit 1944 ×2 |
| 37:23 | Create | Unit 1944 ×3 |
| 37:23 | Create | Unit 1944 |
Build order — mazey_andzhela
First 150 of 329 actions detected
| 0:02 | Research | Loom |
| 0:03 | Create | Villager (Male) |
| 0:04 | Create | Villager (Male) |
| 0:04 | Create | Villager (Male) |
| 0:04 | Create | Villager (Male) |
| 0:05 | Create | Villager (Male) |
| 0:12 | Build | House |
| 0:51 | Build | House |
| 1:34 | Build | House |
| 1:49 | Create | Villager (Male) |
| 2:30 | Build | House |
| 2:32 | Create | Villager (Male) |
| 2:33 | Create | Villager (Male) |
| 3:00 | Build | Mill |
| 3:02 | Create | Villager (Male) |
| 3:03 | Create | Villager (Male) |
| 3:39 | Create | Villager (Male) |
| 3:40 | Create | Villager (Male) |
| 3:40 | Create | Villager (Male) |
| 3:48 | Create | Villager (Male) |
| 3:49 | Create | Villager (Male) |
| 4:11 | Create | Villager (Male) |
| 4:11 | Create | Villager (Male) |
| 4:37 | Create | Villager (Male) |
| 4:52 | Create | Villager (Male) |
| 4:52 | Create | Villager (Male) |
| 5:34 | Build | House |
| 5:36 | Create | Villager (Male) |
| 5:37 | Create | Villager (Male) |
| 6:13 | Create | Villager (Male) |
| 6:14 | Create | Villager (Male) |
| 6:14 | Create | Villager (Male) |
| 6:32 | Create | Villager (Male) |
| 6:47 | Build | Lumber Camp |
| 7:47 | Create | Villager (Male) |
| 8:43 | Create | Villager (Male) |
| 8:43 | Create | Villager (Male) |
| 8:44 | Create | Villager (Male) |
| 8:44 | Create | Villager (Male) |
| 9:17 | Build | Mining Camp |
| 10:14 | Research | Feudal Age |
| 10:35 | Build | Mill |
| 10:48 | Build | Barracks |
| 11:16 | Build | Farm |
| 11:27 | Build | House |
| 11:48 | Build | Farm |
| 11:56 | Build | Farm |
| 12:01 | Build | Farm |
| 12:10 | Build | Farm |
| 12:19 | Build | Farm |
| 12:33 | Age | Feudal Age |
| 12:43 | Build | House |
| 13:15 | Build | Stable |
| 13:19 | Create | Villager (Male) |
| 13:19 | Create | Villager (Male) |
| 13:19 | Create | Villager (Male) |
| 13:20 | Create | Villager (Male) |
| 13:20 | Create | Villager (Male) |
| 13:53 | Build | Farm |
| 14:14 | Build | House |
| 14:20 | Build | Mining Camp |
| 15:15 | Build | House |
| 15:34 | Create | Villager (Male) |
| 15:35 | Create | Villager (Male) |
| 15:35 | Create | Villager (Male) |
| 15:47 | Build | Farm |
| 16:05 | Build | Farm |
| 16:16 | Build | Blacksmith |
| 16:24 | Build | House |
| 16:49 | Create | Spearman |
| 16:51 | Create | Spearman |
| 16:56 | Create | Villager (Male) |
| 16:56 | Create | Villager (Male) |
| 17:08 | Build | Farm |
| 17:11 | Build | Farm |
| 17:20 | Build | Farm |
| 17:29 | Build | Farm |
| 17:43 | Build | Stone Wall |
| 17:50 | Build | Gate |
| 17:53 | Research | Castle Age |
| 18:15 | Research | Double-Bit Axe |
| 18:50 | Research | Horse Collar |
| 19:28 | Build | Farm |
| 19:31 | Build | Farm |
| 20:33 | Age | Castle Age |
| 20:35 | Build | Outpost |
| 20:40 | Create | Villager (Male) |
| 20:40 | Create | Villager (Male) |
| 20:40 | Create | Villager (Male) |
| 21:09 | Build | House |
| 21:13 | Build | House |
| 21:26 | Build | Town Center |
| 22:22 | Build | House |
| 22:24 | Build | House |
| 22:38 | Create | Villager (Male) |
| 22:38 | Create | Villager (Male) |
| 22:39 | Create | Villager (Male) |
| 22:39 | Create | Villager (Male) |
| 22:47 | Build | Farm |
| 22:54 | Build | Farm |
| 22:57 | Build | Farm |
| 23:11 | Create | Villager (Male) |
| 23:11 | Create | Villager (Male) |
| 23:12 | Create | Villager (Male) |
| 23:12 | Create | Villager (Male) |
| 23:12 | Create | Villager (Male) |
| 23:31 | Build | Stone Wall |
| 23:45 | Build | Castle |
| 24:07 | Build | Farm |
| 24:09 | Build | Farm |
| 24:11 | Build | Farm |
| 24:24 | Build | Farm |
| 24:34 | Create | Villager (Male) |
| 24:35 | Create | Villager (Male) |
| 24:35 | Create | Villager (Male) |
| 24:40 | Build | Lumber Camp |
| 24:56 | Build | Farm |
| 25:29 | Build | Siege Workshop |
| 25:30 | Research | Imperial Age |
| 25:36 | Research | Imperial Age |
| 25:38 | Create | Villager (Male) |
| 25:38 | Create | Villager (Male) |
| 25:39 | Create | Villager (Male) |
| 25:39 | Create | Villager (Male) |
| 25:39 | Create | Villager (Male) |
| 25:40 | Create | Villager (Male) |
| 25:40 | Create | Villager (Male) |
| 25:40 | Create | Villager (Male) |
| 25:41 | Create | Villager (Male) |
| 25:41 | Create | Villager (Male) |
| 25:44 | Research | Gold Mining |
| 25:49 | Build | Farm |
| 25:55 | Build | Farm |
| 26:23 | Create | Janissary |
| 26:23 | Create | Janissary |
| 26:24 | Create | Janissary |
| 26:24 | Create | Janissary |
| 26:24 | Create | Janissary |
| 26:25 | Create | Janissary |
| 26:26 | Create | Janissary |
| 26:30 | Build | Farm |
| 27:11 | Research | Bloodlines |
| 27:13 | Research | Husbandry |
| 27:25 | Build | Dock |
| 27:53 | Create | Janissary |
| 27:53 | Create | Janissary |
| 27:53 | Create | Janissary |
| 27:53 | Create | Janissary |
| 27:54 | Create | Janissary |
| 27:54 | Create | Janissary |
Build order — mario32_luis
First 150 of 264 actions detected
| 0:03 | Build | House |
| 0:04 | Build | House |
| 0:12 | Create | Villager (Male) ×4 |
| 0:13 | Research | Loom |
| 1:34 | Create | Villager (Male) |
| 2:10 | Research | Loom |
| 2:20 | Create | Villager (Male) |
| 2:20 | Create | Villager (Male) |
| 2:36 | Create | Villager (Male) |
| 3:04 | Create | Villager (Male) |
| 3:35 | Create | Villager (Male) |
| 3:55 | Build | House |
| 3:56 | Build | House |
| 3:57 | Create | Villager (Male) |
| 4:21 | Build | Dock |
| 4:23 | Create | Villager (Male) |
| 4:51 | Create | Villager (Male) |
| 4:51 | Create | Villager (Male) |
| 5:23 | Create | Villager (Male) |
| 5:23 | Create | Villager (Male) |
| 5:46 | Create | Villager (Male) |
| 5:55 | Build | Lumber Camp |
| 6:42 | Create | Villager (Male) |
| 7:12 | Create | Fishing Ship |
| 7:28 | Create | Villager (Male) |
| 7:29 | Create | Villager (Male) |
| 7:31 | Create | Fishing Ship |
| 7:52 | Build | Mill |
| 8:06 | Build | House |
| 8:11 | Create | Villager (Male) |
| 8:11 | Create | Villager (Male) |
| 8:26 | Build | House |
| 9:14 | Create | Villager (Male) |
| 9:14 | Create | Villager (Male) |
| 9:36 | Create | Villager (Male) |
| 9:36 | Create | Villager (Male) |
| 9:45 | Create | Fishing Ship |
| 10:07 | Create | Fishing Ship |
| 10:17 | Build | House |
| 10:18 | Build | House |
| 10:21 | Create | Villager (Male) |
| 10:47 | Create | Fishing Ship |
| 10:47 | Create | Fishing Ship |
| 11:01 | Build | House |
| 11:33 | Create | Villager (Male) |
| 11:40 | Build | Mining Camp |
| 11:53 | Create | Fishing Ship |
| 12:01 | Create | Villager (Male) |
| 12:13 | Build | Mining Camp |
| 12:28 | Create | Villager (Male) |
| 12:46 | Research | Feudal Age |
| 13:02 | Build | House |
| 13:04 | Build | House |
| 13:17 | Build | Barracks |
| 13:55 | Build | Farm |
| 13:56 | Build | Farm |
| 14:24 | Create | Militia |
| 14:25 | Create | Militia |
| 14:37 | Build | Farm |
| 14:39 | Build | Farm |
| 15:00 | Create | Militia |
| 15:03 | Age | Feudal Age |
| 15:08 | Create | Militia |
| 15:21 | Create | Spearman |
| 15:22 | Create | Spearman |
| 16:25 | Research | Town Watch |
| 16:44 | Build | Farm |
| 16:45 | Build | Farm |
| 16:47 | Create | Villager (Male) |
| 16:47 | Create | Villager (Male) |
| 16:48 | Create | Villager (Male) |
| 17:12 | Create | Villager (Male) |
| 17:18 | Build | Farm |
| 17:28 | Create | Fishing Ship |
| 17:28 | Create | Fishing Ship |
| 17:42 | Research | Arson |
| 17:44 | Create | Villager (Male) |
| 17:46 | Build | Farm |
| 17:50 | Build | Farm |
| 17:51 | Build | Farm |
| 17:53 | Create | Villager (Male) |
| 18:13 | Build | Stone Wall |
| 18:17 | Create | Villager (Male) |
| 18:30 | Create | Villager (Male) |
| 18:51 | Build | Blacksmith |
| 18:55 | Build | Market |
| 19:32 | Create | Fishing Ship |
| 19:36 | Build | Farm |
| 19:41 | Build | Farm |
| 19:42 | Build | Farm |
| 19:44 | Create | Villager (Male) |
| 19:57 | Build | Lumber Camp |
| 20:06 | Create | Villager (Male) |
| 20:13 | Research | Man-at-Arms (upgrade) |
| 20:47 | Create | Fire Galley |
| 20:57 | Build | Farm |
| 21:12 | Build | Stone Wall |
| 21:18 | Create | Villager (Male) |
| 21:19 | Create | Villager (Male) |
| 21:21 | Research | Stone Mining |
| 21:21 | Research | Gold Mining |
| 21:26 | Research | Scale Mail Armor |
| 21:26 | Research | Forging |
| 21:28 | Research | Fletching |
| 21:38 | Create | Fire Galley |
| 21:59 | Create | Villager (Male) |
| 22:39 | Build | Stone Wall |
| 22:58 | Create | Villager (Male) |
| 22:58 | Create | Villager (Male) |
| 23:08 | Research | Castle Age |
| 23:15 | Build | House |
| 23:16 | Build | House |
| 23:18 | Build | House |
| 23:20 | Build | House |
| 23:51 | Build | Lumber Camp |
| 23:55 | Research | Double-Bit Axe |
| 25:22 | Build | Stone Wall |
| 25:29 | Research | Horse Collar |
| 26:02 | Age | Castle Age |
| 26:09 | Build | Castle |
| 26:15 | Build | Town Center |
| 26:27 | Research | Town Patrol |
| 26:28 | Create | Villager (Male) |
| 26:29 | Create | Villager (Male) |
| 26:57 | Create | Longboat |
| 26:58 | Create | Longboat |
| 26:58 | Create | Longboat |
| 27:01 | Research | Bodkin Arrow |
| 27:01 | Research | Padded Archer Armor |
| 27:02 | Research | Chain Mail Armor |
| 27:03 | Research | Iron Casting |
| 27:27 | Build | University |
| 27:31 | Build | Monastery |
| 27:35 | Research | Bow Saw |
| 27:55 | Create | Villager (Male) |
| 27:55 | Create | Villager (Male) |
| 27:55 | Create | Villager (Male) |
| 27:56 | Create | Villager (Male) |
| 28:19 | Create | Longboat |
| 28:19 | Create | Longboat |
| 28:45 | Build | Town Center |
| 28:53 | Create | Villager (Male) |
| 28:53 | Create | Villager (Male) |
| 28:54 | Create | Villager (Male) |
| 29:01 | Build | Farm |
| 29:23 | Create | Villager (Male) |
| 29:24 | Create | Villager (Male) |
| 29:24 | Create | Villager (Male) |
| 29:30 | Research | Murder Holes |
| 29:31 | Research | Fortified Wall (upgrade) |
Build order — CHONNR10
First 150 of 297 actions detected
| 0:04 | Build | House |
| 0:05 | Build | House |
| 0:06 | Create | Villager (Male) |
| 0:06 | Create | Villager (Male) |
| 0:07 | Create | Villager (Male) |
| 0:07 | Create | Villager (Male) |
| 0:07 | Create | Villager (Male) |
| 1:31 | Create | Villager (Male) |
| 2:15 | Create | Villager (Male) |
| 2:15 | Create | Villager (Male) |
| 2:31 | Create | Villager (Male) |
| 2:52 | Create | Villager (Male) |
| 3:28 | Create | Villager (Male) |
| 3:59 | Create | Villager (Male) |
| 4:18 | Build | Lumber Camp |
| 4:24 | Build | House |
| 4:28 | Create | Villager (Male) |
| 4:29 | Create | Villager (Male) |
| 4:29 | Create | Villager (Male) |
| 4:49 | Build | House |
| 4:57 | Create | Villager (Male) |
| 4:58 | Create | Villager (Male) |
| 4:58 | Create | Villager (Male) |
| 5:20 | Build | Mill |
| 5:45 | Create | Villager (Male) |
| 5:59 | Create | Villager (Male) |
| 6:26 | Create | Villager (Male) |
| 6:59 | Create | Villager (Male) |
| 7:23 | Research | Loom |
| 7:50 | Research | Feudal Age |
| 8:04 | Build | Barracks |
| 9:28 | Build | Lumber Camp |
| 9:56 | Create | Villager (Male) |
| 9:57 | Create | Villager (Male) |
| 10:08 | Research | Double-Bit Axe |
| 10:34 | Create | Villager (Male) |
| 10:44 | Build | Stable |
| 10:57 | Create | Villager (Male) |
| 11:09 | Build | House |
| 11:16 | Build | House |
| 11:27 | Create | Scout Cavalry |
| 11:28 | Create | Scout Cavalry |
| 11:44 | Build | Farm |
| 11:47 | Create | Villager (Male) |
| 12:03 | Build | Stable |
| 12:14 | Build | House |
| 12:17 | Create | Villager (Male) |
| 12:30 | Build | Dock |
| 12:49 | Create | Villager (Male) |
| 12:49 | Create | Villager (Male) |
| 12:53 | Build | Farm |
| 13:10 | Create | Scout Cavalry |
| 13:11 | Create | Scout Cavalry |
| 13:26 | Create | Fishing Ship |
| 13:34 | Create | Villager (Male) |
| 13:51 | Build | Mining Camp |
| 13:54 | Build | Mill |
| 13:57 | Create | Villager (Male) |
| 14:26 | Create | Villager (Male) |
| 14:29 | Build | Farm |
| 14:32 | Build | Farm |
| 15:07 | Create | Villager (Male) |
| 15:17 | Build | Blacksmith |
| 15:42 | Build | Farm |
| 15:45 | Build | Farm |
| 16:06 | Create | Scout Cavalry |
| 16:14 | Build | Stone Wall |
| 16:17 | Build | Gate |
| 16:21 | Build | House |
| 16:23 | Create | Villager (Male) |
| 16:47 | Create | Villager (Male) |
| 16:49 | Create | Demolition Raft |
| 16:54 | Create | Fishing Ship |
| 17:26 | Build | Lumber Camp |
| 17:28 | Build | Farm |
| 17:31 | Research | Padded Archer Armor |
| 17:31 | Research | Fletching |
| 17:43 | Build | Market |
| 17:50 | Build | Farm |
| 17:55 | Build | Farm |
| 17:56 | Create | Villager (Male) |
| 18:27 | Build | House |
| 18:31 | Build | Farm |
| 18:39 | Create | Villager (Male) |
| 18:42 | Build | Farm |
| 18:52 | Build | Watch Tower |
| 18:55 | Create | Villager (Male) |
| 19:11 | Build | Farm |
| 19:38 | Research | Castle Age |
| 19:40 | Build | Farm |
| 20:19 | Build | Lumber Camp |
| 20:48 | Build | Archery Range |
| 21:02 | Build | Dock |
| 21:04 | Create | Villager (Male) |
| 21:20 | Build | Stable |
| 21:22 | Research | Scale Barding Armor |
| 21:22 | Research | Forging |
| 21:23 | Research | Fletching |
| 21:47 | Create | Fishing Ship |
| 21:51 | Create | Fishing Ship |
| 21:52 | Create | Fishing Ship |
| 22:01 | Build | Archery Range |
| 22:04 | Build | Mining Camp |
| 22:42 | Build | Town Center |
| 22:50 | Create | Knight |
| 22:51 | Research | Husbandry |
| 22:54 | Create | Skirmisher |
| 22:54 | Create | Skirmisher |
| 22:54 | Create | Skirmisher |
| 22:55 | Create | Skirmisher |
| 22:55 | Create | Skirmisher |
| 23:13 | Build | Stone Wall |
| 23:19 | Build | Farm |
| 23:48 | Build | Gate |
| 23:53 | Research | Bow Saw |
| 24:05 | Build | House |
| 24:06 | Create | Villager (Male) |
| 24:16 | Build | Farm |
| 24:19 | Build | Farm |
| 24:23 | Build | Farm |
| 24:27 | Create | Villager (Male) |
| 24:30 | Build | House |
| 24:40 | Build | House |
| 24:43 | Build | House |
| 25:30 | Build | Town Center |
| 25:38 | Build | Farm |
| 25:39 | Create | Villager (Male) |
| 25:40 | Research | Wheelbarrow |
| 25:43 | Build | House |
| 25:47 | Create | Villager (Male) |
| 26:16 | Build | Farm |
| 26:22 | Build | Lumber Camp |
| 26:37 | Build | House |
| 26:45 | Create | Villager (Male) |
| 26:45 | Create | Villager (Male) |
| 26:46 | Create | Villager (Male) |
| 26:46 | Create | Villager (Male) |
| 26:46 | Create | Villager (Male) |
| 26:47 | Create | Villager (Male) |
| 26:47 | Create | Villager (Male) |
| 26:47 | Create | Villager (Male) |
| 27:03 | Create | Fire Galley |
| 27:03 | Create | Fire Galley |
| 27:19 | Build | Farm |
| 27:25 | Create | Villager (Male) |
| 27:25 | Create | Villager (Male) |
| 27:26 | Create | Villager (Male) |
| 27:31 | Research | Chain Barding Armor |
| 27:31 | Research | Iron Casting |
| 27:35 | Create | Skirmisher |
Match timeline
| 3:59 | PicanteMartinez · first_building Dock |
| 4:21 | mario32_luis · first_building Dock |
| 8:04 | CHONNR10 · first_building Barracks |
| 10:44 | CHONNR10 · first_building Stable |
| 10:48 | mazey_andzhela · first_building Barracks |
| 12:30 | CHONNR10 · first_building Dock |
| 12:33 | mazey_andzhela · age_up feudal |
| 13:15 | mazey_andzhela · first_building Stable |
| 13:17 | mario32_luis · first_building Barracks |
| 13:52 | PicanteMartinez · first_building Barracks |
| 14:03 | PicanteMartinez · age_up feudal |
| 14:39 | PicanteMartinez · wall_segment Stone Wall x29 |
| 15:03 | mario32_luis · age_up feudal |
| 16:14 | CHONNR10 · wall_segment Stone Wall x6 |
| 17:43 | mazey_andzhela · wall_segment Stone Wall x11 |
| 18:13 | mario32_luis · wall_segment Stone Wall x8 |
| 18:35 | CHONNR10 · first_market_buy 100 food |
| 19:07 | CHONNR10 · first_market_sell 100 wood |
| 20:33 | mazey_andzhela · age_up castle |
| 20:48 | CHONNR10 · first_building Archery Range |
| 21:08 | PicanteMartinez · age_up castle |
| 21:12 | mario32_luis · wall_segment Stone Wall x18 |
| 21:56 | PicanteMartinez · first_market_buy 100 wood |
| 22:39 | mario32_luis · wall_segment Stone Wall x7 |
| 23:13 | CHONNR10 · wall_segment Stone Wall x16 |
| 23:31 | mazey_andzhela · wall_segment Stone Wall x6 |
| 23:45 | mazey_andzhela · first_building Castle |
| 24:23 | PicanteMartinez · first_building Siege Workshop |
| 25:22 | mario32_luis · wall_segment Stone Wall x7 |
| 25:29 | mazey_andzhela · first_building Siege Workshop |
| 26:02 | mario32_luis · age_up castle |
| 26:09 | mario32_luis · first_building Castle |
| 27:25 | mazey_andzhela · first_building Dock |
| 27:29 | PicanteMartinez · first_building Castle |
| 27:31 | mario32_luis · first_building Monastery |
| 28:59 | mazey_andzhela · age_up imperial |
| 29:25 | CHONNR10 · first_building Castle |
| 29:41 | CHONNR10 · tribute_sent a jugador 1 |
| 29:41 | CHONNR10 · tribute_sent a jugador 2 |
| 29:41 | CHONNR10 · tribute_sent a jugador 3 |
| 30:41 | mario32_luis · first_building Siege Workshop |
| 31:39 | PicanteMartinez · wall_segment Stone Wall x6 |
| 31:44 | CHONNR10 · first_building Siege Workshop |
| 33:18 | mario32_luis · wall_segment Stone Wall x14 |
| 36:20 | PicanteMartinez · first_building Stable |
| 42:57 | PicanteMartinez · resign |
[ AI ANALYSIS · 1 CREDIT ]
What really happened in this match?
Wolo.gg analyzes every decision: build order, eco, micro, common mistakes by bracket. Personalized analysis on WhatsApp or Discord in 30 seconds.
Civ guide
Wu
Map guide
Mediterranean
Perfil
PicanteMartinez